AoeStats
← OpulentSilver

Arabia

508981464Analyzed
2v2 RM · 8d ago on Sep 24, 2026· 18m 10s· 4 players
Game mode
Random Map
Map size
Medium (4 player)
Population
200
Speed
Normal
Resources
Standard
Victory
Conquest
Starting age
Dark Age
Ending age
Imperial Age
RankedLock teamsTeams togetherTeam positionsShared explorationLock speedFull tech treeHidden civsTurbo modeCheats
Victory
Defeat
🇨🇱 Hindustanis · Chile
773
+11
🇨🇱 Franks · Chile
663
+16
🇺🇸 Slavs · United States
678
-14
🇧🇷 Danes · Brazil
657
-13
OpulentSilver
7:56 Loom
9:27 Loom
11:52 Feudal Age
13:09 Horse Collar
13:15 Double-Bit Axe
20:15 Castle Age
Pocket Hunter
0:26 Loom
12:40 Feudal Age
13:58 Wheelbarrow
13:14 Gold Mining
13:10 Double-Bit Axe
13:07 Horse Collar
13:32 Man-at-Arms
18:25 Scale Mail Armor
Ytsejamer
3:02 Loom
10:20 Feudal Age
15:22 Castle Age
SGepp
12:47 Feudal Age
18:27 Castle Age
Connection lost

Rejoining the realm…

Still unreachable

The connection could not be restored.

Session expired

The server has moved on; the page needs a fresh start.